 Dungeon Crawl Stone Soup version 0.27-a0-1442-g87b6fcb595 (webtiles) character file.

Game seed: 6060733818302743606

27005 pokeman the Eclecticist (level 13, -7/72 HPs)
             Began as a Deep Elf Hedge Wizard on July 4, 2021.
             Was a High Priest of Vehumet.
             Shot with an arrow by a tengu warrior (24 damage)
             ... on level 14 of the Dungeon.
             The game lasted 00:52:10 (14983 turns).

pokeman the Eclecticist (Deep Elf Hedge Wizard)    Turns: 14983, Time: 00:52:11

Health: -7/72      AC: 10    Str:  7    XL:     13   Next: 2%
Magic:  24/46      EV: 12    Int: 30    God:    Vehumet [*****.]
Gold:   719        SH:  0    Dex: 14    Spells: 18/46 levels left

rFire    + + .     SeeInvis .   U - +5 scythe "Finisher" {speed, eviscerate}
rCold    . . .     Faith    .   (shield currently unavailable)
rNeg     . . .     Spirit   .   V - +0 leather armour {rF+}
rPois    .         Reflect  .   u - +3 hat of Pondering {ponderous, Will+ MP+10 Int+5}
rElec    .         Harm     .   L - +0 cloak
rCorr    .         Rampage  .   (no gloves)
Will     ++...                  h - +1 pair of boots
Stlth    ++........             a - amulet of regeneration
HPRegen  1.22/turn              e - ring of protection from fire
MPRegen  0.30/turn              (no ring)

@: studying Long Blades, slow
A: no striking features
a: Renounce Religion


You were on level 14 of the Dungeon.
You worshipped Vehumet.
Vehumet was extremely pleased with you.
You visited 2 branches of the dungeon, and saw 15 of its levels.

You collected 751 gold pieces.
You spent 32 gold pieces at shops.

Inventory:

Hand Weapons
 P - the +3 shortbow "Hexkavvo" {freeze, rPois rN++ Int-2}
   (You found it on level 9 of the Dungeon)

   It causes projectiles fired from it to freeze those they strike, causing
   extra injury to most foes and up to half again as much damage against
   particularly susceptible opponents.
   They can also slow down cold-blooded creatures.
   Int:       It affects your intelligence (-2).
   rPois:     It protects you from poison.
   rN:        It greatly protects you from negative energy.
 U - the +5 scythe "Finisher" (weapon) {speed, eviscerate}
   (You found it on level 11 of the Dungeon)

   Attacks with this weapon are significantly faster.
Missiles
 c - 4 atropa-tipped darts
 d - 117 bolts
 f - 3 boomerangs of dispersal
 m - 467 arrows
Armour
 h - a +1 pair of boots (worn)
 p - a +0 buckler
 u - the +3 hat of Pondering (worn) {ponderous, Will+ MP+10 Int+5}
   (You took it off Gastronok on level 9 of the Dungeon)

   Int:       It affects your intelligence (+5).
   MP:        It affects your magic capacity (+10).
   Will:      It increases your willpower.
 L - a +0 cloak (worn)
 V - a +0 leather armour of fire resistance (worn)
Magical Staves
 g - a staff of cold
Jewellery
 a - an amulet of regeneration (around neck)
 e - a ring of protection from fire (left hand)
 Q - a ring of ice
 R - an amulet of reflection
Wands
 i - a wand of polymorph (9)
 j - a wand of mindburst (19)
 k - a wand of charming (11)
 v - a wand of digging (5)
Scrolls
 n - 7 scrolls of teleportation
 o - 2 scrolls of magic mapping
 q - 4 scrolls of enchant armour {unknown}
 s - 3 scrolls of immolation {unknown}
 t - a scroll of fear {unknown}
 w - a scroll of summoning
 y - 4 scrolls of noise {unknown}
 B - a scroll of torment {unknown}
 D - a scroll of fog {unknown}
 H - a scroll of enchant weapon {unknown}
 N - a scroll of acquirement {unknown}
 W - 2 scrolls of blinking {unknown}
Potions
 b - 2 potions of heal wounds
 l - a potion of resistance {unknown}
 r - 8 potions of curing
 x - 2 potions of invisibility {unknown}
 z - a potion of berserk rage {unknown}
 A - 2 potions of cancellation {unknown}
 C - a potion of haste {unknown}
 E - 2 potions of might {unknown}
 F - 2 potions of mutation {unknown}
 G - a potion of flight


   Skills:
 + Level 5.3 Fighting
 - Level 4.5 Armour
 - Level 3.0 Dodging
 - Level 3.0 Stealth
 - Level 4.0 Shields
 * Level 17.4 Spellcasting
 + Level 10.9 Conjurations
 - Level 1.1 Summonings
 - Level 1.1 Translocations
 - Level 1.1 Transmutations
 - Level 5.1 Fire Magic
 - Level 1.0 Air Magic
 + Level 8.7 Earth Magic
 - Level 1.3 Poison Magic
 - Level 2.0 Evocations


You had 18 spell levels left.
You knew the following spells:

 Your Spells              Type           Power      Damage    Failure   Level
a - Magic Dart            Conj           100%       1d8       1%          1
b - Mephitic Cloud        Conj/Pois/Air  51%        N/A       1%          3
c - Call Imp              Summ           32%        N/A       2%          2
d - Blink                 Tloc           N/A        N/A       2%          2
e - Conjure Flame         Conj/Fire      65%        6-21      1%          3
f - Shock                 Conj/Air       100%       1d9       1%          1
g - Bolt of Magma         Conj/Fire/Erth 33%        4d15      1%          5
h - Wereblood             Tmut           33%        N/A       2%          2
i - Apportation           Tloc           64%        N/A       1%          1
j - Lehudib's Crystal Sp  Conj/Erth      35%        10d9      54%         8

Your spell library contained the following spells:

 Spells                   Type           Power      Damage    Failure   Level
 Fireball                 Conj/Fire      32%        3d14      1%          5
 Beastly Appendage        Tmut           66%        N/A       1%          1
 Freeze                   Ice            100%       1d11      1%          1
 Searing Ray              Conj           100%       3d7       1%          2
 Dazzling Flash           Conj/Hex       100%       N/A       1%          3
 Frozen Ramparts          Ice            52%        1d7       1%          3
 Ignite Poison            Fire/Tmut/Pois 41%        N/A       1%          3
 Fulminant Prism          Conj/Hex       28%        3d14      1%          4
 Hailstorm                Conj/Ice       56%        3d12      1%          4
 Animate Skeleton         Necr           52%        N/A       2%          1
 Pain                     Necr           100%       1d9       2%          1
 Slow                     Hex            26%        N/A       3%          2
 Spider Form              Tmut/Pois      16%        N/A       4%          3
 Portal Projectile        Hex/Tloc       58%        N/A       5%          3
 Tukima's Dance           Hex            26%        N/A       7%          3
 Vampiric Draining        Necr           13%        2d7       7%          3
 Yara's Violent Unravell  Hex/Tmut       14%        3d7       13%         5
 Passage of Golubria      Tloc           N/A        N/A       14%         4
 Alistair's Intoxication  Tmut/Pois      22%        N/A       36%         5
 Blade Hands              Tmut           16%        N/A       36%         5
 Silence                  Hex/Air        14%        N/A       45%         5
 Agony                    Necr           26%        N/A       54%         5
 Excruciating Wounds      Necr           13%        N/A       54%         5
 Invisibility             Hex            13%        N/A       98%         6


Dungeon Overview and Level Annotations

Branches:
Dungeon (14/15)            Temple (1/1) D:4            Lair (0/6) D:8
    Orc (0/2) D:11         Vaults (0/5) D:13

Altars:
Cheibriados
Gozag
Hepliaklqana
Okawaru
Qazlal
Vehumet
Zin
The Shining One
Beogh

Shops:
D:9 *


Message History

Unknown command.
The very large slime creature is engulfed in blazing flames.
Casting: Bolt of Magma (dangerous; 1% risk of failure)
Confirm with . or Enter, or press ? or * to list all spells.
Aiming: Bolt of Magma (dangerous; 1% risk of failure)
Press: ? - help, Shift-Dir - straight line, f - very large slime creature
Aim: a very large slime creature (flame, heavily wounded, 94% to hit)
The bolt of magma hits the very large slime creature!!!
The very large slime creature is severely wounded.
The very large slime creature is engulfed in blazing flames.
The very large slime creature hits you!!!
Ouch! That really hurt!
* * * LOW HITPOINT WARNING * * *
You hear a shout!
Casting: Bolt of Magma (dangerous; 1% risk of failure)
Confirm with . or Enter, or press ? or * to list all spells.
Aiming: Shock (safe; 1% risk of failure)
Press: ? - help, Shift-Dir - straight line, f/p - very large slime creature
Aim: a very large slime creature (flame, severely wounded, 94% to hit)
Okay, then.
Unknown command.
Casting: Shock (safe; 1% risk of failure)
Confirm with . or Enter, or press ? or * to list all spells.
You blink.
The tengu warrior shouts!
The very large slime creature is engulfed in blazing flames.
Found an escape hatch in the ceiling.
Casting: Blink (safe; 2% risk of failure)
Confirm with . or Enter, or press ? or * to list all spells.
Aiming: Bolt of Magma (dangerous; 1% risk of failure)
Press: ? - help, Shift-Dir - straight line, f/p - very large slime creature
Aim: a very large slime creature (flame, almost dead, 94% to hit)
The bolt of magma hits the very large slime creature!!!
You kill the very large slime creature!
Vehumet accepts your kill.
You feel your power returning.
The tengu warrior unwields a +0 war axe.
The tengu warrior wields a +0 longbow.
The tengu warrior shoots an arrow.
The arrow hits you!!
You die...

..##........####.#...........#
..##.........................#
..##.......#####.#...........#
..##.......# #§#...........#
#.##.......# #§#...........#
#..#.......# #§#........<..
..)....#...#####.........###
##..#..#.#....(....#######
...... ..#......@..# ....
Q..........# .....
#...........# .....
...Q......#.# .....
.............. ####.
..#.......#..## . #.......##.
##..<...# .#


You could see 2 tengu warriors.

Vanquished Creatures
  Gastronok (D:9)
  Kirke (D:13)
  Fannar (D:11)
  3 centaur warriors
  3 boulder beetles
  A hydra (D:10)
  A death knight (D:12)
  2 dancing weapons (D:13)
  2 two-headed ogres
  Urug (D:13)
  A skeletal warrior (D:11)
  A wizard (D:12)
  An orc knight (D:11)
  2 deep elf pyromancers
  A manticore (D:13)
  Maurice (D:10)
  The ghost of Obsidius the Destroyer, a novice DECj (D:6)
  An unseen horror (D:13)
  2 freezing wraiths (D:12)
  An efreet (D:14)
  A troll (D:9)
  A wind drake (shapeshifter) (D:14)
  A hornet (D:9)
  A meliai (shapeshifter) (D:13)
  2 slime creatures (D:14)
  2 dream sheep (D:10)
  2 shadows (D:11)
  Sigmund (D:4)
  4 hogs (D:13)
  6 wraiths
  3 yaks (D:10)
  2 wyverns
  A basilisk (D:12)
  7 vampire mosquitoes
  3 wargs (D:8)
  2 acid dragons (D:12)
  2 water moccasins
  8 orc warriors
  2 black bears
  A sky beast (D:8)
  2 ogres (D:7)
  An ice beast (D:6)
  A necrophage (D:6)
  13 centaurs
  4 kobold brigands
  2 bullfrogs
  2 gnoll sergeants (D:7)
  3 wyvern zombies
  A scorpion (D:5)
  A wyvern skeleton (D:6)
  4 killer bees (D:8)
  3 wights (D:10)
  A howler monkey (D:6)
  2 electric eels (D:9)
  3 centaur zombies
  2 hounds (D:5)
  A jelly (D:7)
  16 orc priests
  A gnoll shaman (D:3)
  2 iguanas
  11 orc wizards
  A killer bee zombie (D:8)
  A hound zombie (D:5)
  2 hound skeletons
  3 adders
  9 gnolls
  A shadow imp (D:6)
  2 white imps
  An adder skeleton (D:4)
  3 worms
  2 dart slugs
  39 orcs
  5 ball pythons
  2 bats
  7 endoplasms
  4 giant cockroaches
  7 goblins
  8 hobgoblins
  8 jackals
  8 kobolds
  3 quokkas
  A frilled lizard (D:3)
  6 rats
279 creatures vanquished.

Vanquished Creatures (collateral kills)
  A gnoll (D:7)
  An orc (D:4)
  A hobgoblin (D:4)
  2 jackals (D:4)
5 creatures vanquished.

Vanquished Creatures (others)
  A human (D:13)
  A killer bee (D:8)
  An orc (D:11)
  3 plants (D:10)
6 creatures vanquished.

Grand Total: 290 creatures vanquished

Notes
Turn   | Place    | Note
-------+----------+-------------------------------------------
     0 | D:1      | pokeman the Deep Elf Hedge Wizard began the quest for the
                  | Orb.
     0 | D:1      | Reached XP level 1. HP: 10/10 MP: 7/7
   323 | D:1      | Reached XP level 2. HP: 15/15 MP: 6/9
  1114 | D:2      | Reached skill level 5 in Spellcasting
  1243 | D:2      | Reached XP level 3. HP: 7/20 MP: 6/11
  1258 | D:2      | Learned a level 3 spell: Mephitic Cloud
  1261 | D:2      | Learned a level 2 spell: Call Imp
  1264 | D:2      | Learned a level 2 spell: Blink
  1268 | D:2      | Learned a level 3 spell: Conjure Flame
  1291 | D:2      | Found a glowing silver altar of Zin.
  1439 | D:2      | Found a faded altar of an unknown god.
  1508 | D:2      | Reached skill level 1 in Fighting
  1705 | D:2      | Reached skill level 1 in Armour
  2123 | D:3      | Reached XP level 4. HP: 25/25 MP: 5/13
  2286 | D:3      | Reached skill level 1 in Fire Magic
  2450 | D:3      | Learned a level 1 spell: Apportation
  2879 | D:3      | Reached XP level 5. HP: 29/29 MP: 13/15
  2904 | D:3      | Reached skill level 6 in Spellcasting
  3466 | D:4      | Noticed Sigmund
  3705 | D:4      | Reached skill level 1 in Air Magic
  3754 | D:4      | Found a staircase to the Ecumenical Temple.
  3786 | Temple   | Entered the Ecumenical Temple
  3849 | Temple   | Became a worshipper of Vehumet
  3956 | D:4      | Reached skill level 1 in Shields
  3963 | D:4      | Reached XP level 6. HP: 34/34 MP: 3/17
  4344 | D:4      | Reached skill level 7 in Spellcasting
  4344 | D:4      | Reached skill level 1 in Poison Magic
  4634 | D:4      | Killed Sigmund
  4635 | D:4      | Reached skill level 1 in Evocations
  4635 | D:4      | Reached XP level 7. HP: 38/38 MP: 8/20
  4847 | D:5      | Entered Level 5 of the Dungeon
  4882 | D:5      | Reached skill level 8 in Spellcasting
  5209 | D:5      | Learned a level 2 spell: Wereblood
  5612 | D:6      | Reached skill level 1 in Transmutations
  5612 | D:6      | Reached XP level 8. HP: 27/44 MP: 16/22
  5726 | D:6      | Learned a level 5 spell: Bolt of Magma
  5850 | D:6      | Reached skill level 9 in Spellcasting
  5922 | D:6      | Reached skill level 1 in Earth Magic
  5986 | D:6      | Reached skill level 5 in Conjurations
  6346 | D:6      | Found a runed translucent door.
  6346 | D:6      | Noticed Obsidius's ghost (novice DECj)
  6373 | D:6      | Killed Obsidius's ghost
  6448 | D:7      | Reached skill level 10 in Spellcasting
  6466 | D:7      | Reached * piety under Vehumet
  6466 | D:7      | Offered knowledge of Shock by Vehumet.
  6640 | D:6      | Learned a level 1 spell: Shock
  6713 | D:7      | Reached XP level 9. HP: 48/48 MP: 14/25
  7406 | D:8      | Reached skill level 11 in Spellcasting
  7621 | D:8      | Found an iron altar of Okawaru.
  7753 | D:8      | Found an opulent altar of Gozag.
  7756 | D:8      | Found a snail-covered altar of Cheibriados.
  7757 | D:8      | Found a stormy altar of Qazlal.
  8016 | D:8      | Found a staircase to the Lair.
  8158 | D:8      | Reached skill level 5 in Fire Magic
  8296 | D:8      | Reached ** piety under Vehumet
  8296 | D:8      | Offered knowledge of Sandblast by Vehumet.
  8297 | D:8      | Reached skill level 12 in Spellcasting
  8630 | D:9      | Learned a level 8 spell: Lehudib's Crystal Spear
  8773 | D:9      | Found Xuzos's General Store.
  8792 | D:9      | Bought a scroll of identify for 32 gold pieces
  8823 | D:9      | Reached XP level 10. HP: 50/53 MP: 19/28
  8903 | D:9      | Noticed Gastronok
  8964 | D:9      | Killed Gastronok
  8965 | D:9      | Reached skill level 13 in Spellcasting
  9368 | D:9      | Identified the +3 shortbow "Hexkavvo" {freeze, rPois rN++
                  | Int-2}
  9694 | D:10     | Entered Level 10 of the Dungeon
  9748 | D:10     | Noticed Maurice
  9766 | D:10     | Killed Maurice
  9919 | D:10     | Offered knowledge of Static Discharge by Vehumet.
 10322 | D:10     | Noticed a deep elf pyromancer
 10345 | D:10     | Reached *** piety under Vehumet
 10355 | D:10     | Killed a deep elf pyromancer
 10356 | D:10     | Reached skill level 14 in Spellcasting
 10356 | D:10     | Reached XP level 11. HP: 57/57 MP: 25/31
 10570 | D:10     | Reached skill level 5 in Earth Magic
 10648 | D:10     | Noticed a three-headed hydra
 10664 | D:10     | Killed a three-headed hydra
 10939 | D:11     | Noticed a boulder beetle
 10946 | D:11     | Killed a boulder beetle
 11391 | D:11     | Noticed a skeletal warrior
 11432 | D:11     | Killed a skeletal warrior
 11492 | D:11     | Found the +5 scythe "Finisher" {speed, eviscerate}
 11565 | D:11     | Noticed an orc knight
 11587 | D:11     | Killed an orc knight
 11588 | D:11     | Reached skill level 15 in Spellcasting
 11597 | D:11     | Offered knowledge of Airstrike by Vehumet.
 11917 | D:11     | Found a staircase to the Orcish Mines.
 11919 | D:11     | Reached **** piety under Vehumet
 12026 | D:11     | Noticed Fannar
 12036 | D:11     | Killed Fannar
 12131 | D:11     | Noticed a boulder beetle
 12136 | D:11     | Killed a boulder beetle
 12794 | D:12     | Noticed a wizard
 12804 | D:12     | Killed a wizard
 12989 | D:12     | Reached XP level 12. HP: 46/64 MP: 25/33
 13059 | D:12     | Noticed a death knight
 13080 | D:12     | Killed a death knight
 13102 | D:12     | Offered knowledge of Stone Arrow by Vehumet.
 13110 | D:12     | Reached skill level 16 in Spellcasting
 13330 | D:12     | Noticed a two-headed ogre
 13334 | D:12     | Killed a two-headed ogre
 13335 | D:12     | Reached skill level 10 in Conjurations
 13642 | D:13     | Noticed a centaur warrior
 13650 | D:13     | Killed a centaur warrior
 13886 | D:13     | Noticed a two-headed ogre
 13890 | D:13     | Killed a two-headed ogre
 14203 | D:13     | Noticed Kirke
 14210 | D:13     | Killed Kirke
 14318 | D:13     | Noticed Urug
 14333 | D:13     | Reached skill level 17 in Spellcasting
 14335 | D:13     | Reached skill level 5 in Fighting
 14512 | D:13     | Killed Urug
 14599 | D:13     | Found a gate to the Vaults.
 14646 | D:14     | Noticed a boulder beetle
 14649 | D:14     | Noticed a tengu warrior
 14650 | D:14     | Noticed a tengu warrior
 14651 | D:14     | Noticed a centaur warrior
 14652 | D:14     | Killed a boulder beetle
 14652 | D:14     | Reached ***** piety under Vehumet
 14659 | D:14     | HP: 2/68 [acid[a tengu warrior] (8)]
 14662 | D:14     | Killed a centaur warrior
 14804 | D:14     | Noticed a centaur warrior
 14805 | D:14     | Offered knowledge of Fireball by Vehumet.
 14816 | D:14     | Killed a centaur warrior
 14817 | D:14     | Reached XP level 13. HP: 38/72 MP: 31/36
 14983 | D:14     | Shot with an arrow by a tengu warrior

Illustrated notes

Levels and vault maps discovered:
D:1:      amcnicky_arrival_choice, layout_basic, minmay_octomino_e4
D:2:      layout_rooms, ebering_ecumenical_altar_rust, basic_altar,
          eino_curves_03
D:3:      layout_loops_ring
D:4:      wander_river, layout_loops_ring, minmay_temple_entry_proselytizer,
          minmay_manual_mares, uniq_sigmund
D:5:      layout_rooms
D:6:      layout_loops_ring, ebering_ghost_reflecting_pool,
          chequers_serial_rivers_small_a
D:7:      layout_basic
D:8:      layout_loops_cross, lemuel_tele_altar,
          gammafunk_temple_overflow_forgotten, erik_lair_orcish_takeover
D:9:      layout_loops_ring, serial_shops, shop, minivault_14, uniq_gastronok
D:10:     layout_irregular_city, hangedman_decor_clover_reticule,
          hangedman_ranch, uniq_maurice
D:11:     layout_cave_pools, david_orc_5, minmay_guarded_unrand_finisher,
          uniq_fannar
D:12:     layout_roguey
D:13:     layout_basic, erik_vaults_1, uniq_urug, uniq_kirke
D:14:     layout_rooms, lemuel_round_altar
Temple:   dpeg_five_rooms_temple

Skill      XL: |  1  2  3  4  5  6  7  8  9 10 11 12 |
---------------+-------------------------------------+-----
Spellcasting   | 5 6 7 8 10 12 14 15 17 | 17.4
Fighting       | 1 2 3 5 |  5.3
Conjurations   | 2 3 4 5 7 8 9 10 | 10.9
Armour         | 1 2 3 4 |  4.5
Fire Magic     | 1 3 5 |  5.1
Dodging        | 3 |  3.0
Air Magic      | 1 |  1.0
Shields        | 1 2 3 4 |  4.0
Poison Magic   | 1 |  1.3
Evocations     | 1 2 |  2.0
Stealth        | 3 |  3.0
Transmutations | 1 |  1.1
Earth Magic    | 1 4 6 8 |  8.7
Summonings     | |  1.1
Translocations | |  1.1

Action                   |  1- 3 |  4- 6 |  7- 9 | 10-12 | 13-15 || total
-------------------------+-------+-------+-------+-------+-------++-------
Melee: Dagger            |    36 |    29 |       |       |       ||    65
       Short sword       |       |    44 |    66 |       |       ||   110
       Trident           |       |       |       |    55 |       ||    55
       Scythe            |       |       |       |    24 |       ||    24
 Cast: Magic Dart        |    92 |    82 |   127 |     6 |       ||   307
       Mephitic Cloud    |     1 |     9 |    21 |    28 |       ||    59
       Conjure Flame     |     1 |     4 |    32 |    31 |     4 ||    72
       Call Imp          |       |     5 |    11 |     9 |       ||    25
       Blink             |       |       |     2 |     1 |     1 ||     4
       Shock             |       |       |    29 |    92 |       ||   121
       Bolt of Magma     |       |       |       |   122 |     4 ||   126
Evoke: Wand              |       |       |     6 |       |       ||     6
  Use: Potion            |     1 |       |       |     1 |       ||     2
       Scroll            |       |       |       |    10 |       ||    10
 Stab: Confused          |     2 |     2 |     4 |     5 |       ||    13
Armor: Robe              |     2 |       |       |       |       ||     2
       Leather armour    |     7 |     6 |     7 |    55 |       ||    75
Dodge: Dodged            |    31 |    60 |    48 |    59 |     1 ||   199

Table legend: (Time is in decaauts)
 A = Elapsed time spent in this place.
 B = Non-inter-level travel time spent in this place.
 C = Inter-level travel time spent in this place.
 D = Time resting spent in this place.
 E = Time spent auto-exploring this place.
 F = Levels seen in this place.
 G = Mean time per level.
                   A        B        C        D        E       F      G
               +--------+--------+--------+--------+--------+-----+--------+
         Total |  15430 |  14559 |    871 |   1371 |  10542 |  15 | 1028.7 |
       Dungeon |  15300 |  14464 |    836 |   1371 |  10486 |  14 | 1092.9 |
        Temple |    130 |     95 |     35 |      0 |     56 |   1 |  130.0 |
               +--------+--------+--------+--------+--------+-----+--------+

Top non-repeatable levels by time:
    D:11: 1619 daAuts
     D:4: 1473 daAuts
     D:3: 1367 daAuts
     D:8: 1296 daAuts
    D:10: 1279 daAuts
     D:9: 1267 daAuts
     D:1: 1225 daAuts
     D:6: 1133 daAuts
    D:13: 1105 daAuts
    D:12: 933 daAuts
     D:7: 813 daAuts
     D:2: 783 daAuts
     D:5: 683 daAuts
    D:14: 318 daAuts
  Temple: 130 daAuts
